 Dungeon Crawl Stone Soup version 0.27-a0-592-g0306a34022 (webtiles) character file.

Game seed: 2524507319793899801

45 HendSelp the Poker (level 3, -1/42 HPs)
             Began as a Merfolk Gladiator on Mar 10, 2021.
             Slain by a goblin (4 damage)
             ... led by Robin
             ... on level 2 of the Dungeon.
             The game lasted 00:01:23 (1968 turns).

HendSelp the Poker (Merfolk Gladiator)              Turns: 1968, Time: 00:01:23

Health: -1/42      AC:  4    Str: 15    XL:     3   Next: 64%
Magic:  3/3        EV: 13    Int: 13    God:
Gold:   118        SH:  0    Dex: 15    Spells: 2/2 levels left

rFire    . . .     SeeInvis .   a - +0 trident
rCold    . . .     Faith    .   (no shield)
rNeg     . . .     Spirit   .   b - +0 leather armour
rPois    .         Reflect  .   c - +0 helmet
rElec    .         Harm     .   (no cloak)
rCorr    .         Rampage  .   (no gloves)
Will     .....                  (no boots)
Stlth    ..........             (no amulet)
HPRegen  0.14/turn              g - +6 ring of intelligence
MPRegen  0.08/turn              (no ring)

@: berserking, very quick
A: change form in water, amphibious, nimble swimmer 2
a: no special abilities


You were on level 2 of the Dungeon.
You visited 1 branch of the dungeon, and saw 3 of its levels.

You collected 118 gold pieces.

Inventory:

Hand Weapons
 a - a +0 trident (weapon)
Missiles
 d - 3 throwing nets (quivered)
Armour
 b - a +0 leather armour (worn)
 c - a +0 helmet (worn)
Jewellery
 g - a +6 ring of intelligence (right hand)
Scrolls
 h - 3 scrolls of immolation {unknown}
 i - 2 scrolls of blinking {unknown}
 l - 3 scrolls of magic mapping {unknown}
 n - a scroll of amnesia {unknown}
Potions
 e - a potion of berserk rage
 f - a potion of heal wounds {unknown}
 j - a potion of brilliance {unknown}
 k - a potion of curing {unknown}
 m - a potion of flight {unknown}


   Skills:
 + Level 2.4 Fighting
 + Level 5.3 Polearms
 + Level 2.0 Throwing
 * Level 0.6 Armour
 + Level 4.6 Dodging
 + Level 0.4 Stealth


You had 2 spell levels left.
You didn't know any spells.
Your spell library was empty.

Dungeon Overview and Level Annotations

Branches:
Dungeon (3/15)

Altars:

Annotations:
D:2 Terence
D:3 Robin


Innate Abilities, Weirdness & Mutations

You revert to your normal form in water.
You are amphibious.
You are quick and stealthy while swimming. (Stealth+, EV+, Speed+++)


Message History

Terence shouts, "ATTACK!!!"
Terence closely misses you.
Unknown command.
You closely miss Terence.
Terence is lightly wounded.
The goblin hits you. Terence looks scornfully at you.
Terence closely misses you.
Unknown command.
You hit Terence but do no damage.
Terence is lightly wounded.
The goblin completely misses you. Terence barely misses you.
Unknown command.
You barely miss Terence.
Terence is lightly wounded.
The goblin barely misses you. Terence misses you.
Unknown command.
You closely miss Terence.
Terence is lightly wounded.
The goblin closely misses you. Terence hits you with a +0 short sword.
Unknown command.
You closely miss Terence.
Terence is lightly wounded.
The goblin hits you.
* * * LOW HITPOINT WARNING * * *
Terence hits you but does no damage.
You hit Terence.
Terence is moderately wounded.
The goblin no longer looks unusually strong.
The goblin barely misses you. Terence hits you with a +0 short sword.
* * * LOW HITPOINT WARNING * * *
Unknown command.
You barely miss Terence.
Terence is moderately wounded.
The goblin hits you but does no damage. Terence barely misses you.
Unknown command.
It was a potion of berserk rage.
A red film seems to cover your vision as you go berserk!
You feel yourself moving faster!
You feel mighty! The goblin hits you.
You die...

###'#'###### #.#
#..........## #.#
#...........# #.#
#####...........#######.##
..(......................#
########..###.#.##########
...# #..##..#.#
...#####..##..#g##
....(...<.....>@@#
...##########.#.##
...'........<.#.#
...########.###.# ..[#
#.....# ...# ####### ...#
...# ...#


You could see Terence and a goblin.

Vanquished Creatures
  A worm (D:2)
  5 dart slugs (D:1)
  A leopard gecko (D:2)
  6 bats
  A giant cockroach (D:1)
  A hobgoblin (D:2)
  2 jackals (D:2)
  9 kobolds
  A frilled lizard (D:2)
  3 goblins (D:2)
  2 rats
32 creatures vanquished.

Notes
Turn   | Place    | Note
-------+----------+-------------------------------------------
     0 | D:1      | HendSelp the Merfolk Gladiator began the quest for the Orb.
     0 | D:1      | Reached XP level 1. HP: 16/16 MP: 1/1
    87 | D:1      | Reached XP level 2. HP: 17/22 MP: 2/2
   777 | D:1      | Reached skill level 5 in Polearms
   800 | D:1      | Reached XP level 3. HP: 20/28 MP: 3/3
  1945 | D:3      | Noticed Terence
  1947 | D:3      | Noticed Robin
  1968 | D:2      | Slain by a goblin

Illustrated notes

Levels and vault maps discovered:
D:1:      matt_arrival_los_fun, layout_loops_ring, corner_web_ring
D:2:      layout_basic
D:3:      layout_basic, uniq_crazy_yiuf_cottage, uniq_robin, uniq_terence

Skill      XL: |  1  2 |
---------------+-------+-----
Polearms       | 5 |  5.3
Fighting       | |  2.4
Throwing       | |  2.0
Armour         | |  0.6
Dodging        | |  4.6
Stealth        | |  0.4

Action                   || total
-------------------------++-------
Melee: Trident           ||   121
  Use: Potion            ||     1
 Stab: Sleeping          ||     2
Armor: Leather armour    ||    17
Dodge: Dodged            ||    65

Table legend: (Time is in decaauts)
 A = Elapsed time spent in this place.
 B = Non-inter-level travel time spent in this place.
 C = Inter-level travel time spent in this place.
 D = Time resting spent in this place.
 E = Time spent auto-exploring this place.
 F = Levels seen in this place.
 G = Mean time per level.
                   A        B        C        D        E       F      G
               +--------+--------+--------+--------+--------+-----+--------+
         Total |   1973 |   1918 |     55 |      0 |   1678 |   3 |  657.7 |
       Dungeon |   1973 |   1918 |     55 |      0 |   1678 |   3 |  657.7 |
               +--------+--------+--------+--------+--------+-----+--------+

Top non-repeatable levels by time:
     D:1: 1167 daAuts
     D:2: 791 daAuts
     D:3: 14 daAuts
